 Dungeon Crawl Stone Soup version 0.29-a0-721-g7f417c9bbb (webtiles) character file.

Game seed: 13103087903855606398

480 gobodom the Chopper (level 7, -2/41 HPs)
             Began as a Gargoyle Gladiator on June 28, 2022.
             Slain by YayAnonymity's ghost (5 damage)
             ... on level 3 of the Dungeon.
             The game lasted 00:10:08 (3602 turns).

gobodom the Chopper (Gargoyle Gladiator)            Turns: 3602, Time: 00:10:08

Health: -2/41      AC: 12    Str: 20    XL:     7   Next: 11%
Magic:  7/7        EV: 12    Int:  8    God:
Gold:   169        SH:  0    Dex: 11    Spells: 6/6 levels left

rFire   . . .      SeeInvis .   a - +0 war axe
rCold   . . .      Faith    .   (no shield)
rNeg    + . .      Spirit   .   b - +0 leather armour
rPois   ∞          Reflect  .   c - +0 helmet
rElec   +          Harm     .   (no cloak)
rCorr   .          Rampage  .   k - +1 pair of gloves
Will    .....                   j - +0 pair of boots
Stlth   +.........              (no amulet)
HPRegen 0.13/turn               (no ring)
MPRegen 0.10/turn               (no ring)

@: no status effects
A: sickness immunity, AC +4, negative energy resistance 1, electricity
resistance, torment resistance 1, petrification resistance
a: no special abilities


You were on level 3 of the Dungeon.
You visited 1 branch of the dungeon, and saw 3 of its levels.

You collected 169 gold pieces.

Inventory:

Hand Weapons
 a - a +0 war axe (weapon)
 h - a +0 dagger of venom
 l - a +1 dagger of speed
Missiles
 d - 5 throwing nets
 e - a javelin
 q - 2 poisoned darts (quivered)
Armour
 b - a +0 leather armour (worn)
 c - a +0 helmet (worn)
 j - a +0 pair of boots (worn)
 k - a +1 pair of gloves (worn)
Scrolls
 f - a scroll of magic mapping
 i - 3 scrolls of teleportation
 r - a scroll of acquirement {unknown}
Potions
 g - a potion of lignification {unknown}
 m - a potion of resistance
 n - a potion of brilliance
 o - a potion of magic
 p - a potion of flight {unknown}


   Skills:
 + Level 3.4 Fighting
 + Level 5.3 Axes
 + Level 2.0 Throwing
 + Level 2.3 Armour
 + Level 3.6 Dodging
 + Level 1.3 Stealth


You had 6 spell levels left.
You didn't know any spells.
Your spell library was empty.

Dungeon Overview and Level Annotations

Branches:
Dungeon (3/15)

Altars:
Dithmenos
Nemelex Xobeh

Shops:
D:1 *

Annotations:
D:3 YayAnonymity's ghost, amateur TrGl


Innate Abilities, Weirdness & Mutations

You are immune to sickness and miasma.
Your stone body is resilient. (AC +4)
You are immune to poison.
You resist negative energy. (rN+)
You are resistant to electric shocks. (rElec)
You are resistant to unholy torment.
You are immune to petrification.


Message History

YayAnonymity's ghost barely misses you.
You hit YayAnonymity's ghost but do no damage.
YayAnonymity's ghost is heavily damaged.
YayAnonymity's ghost screams, "Don't try to defend!
You have no chance!"
YayAnonymity's ghost hits you!
You hit YayAnonymity's ghost.
YayAnonymity's ghost is heavily damaged.
YayAnonymity's ghost hits you! YayAnonymity's ghost hits you.
* * * LOW HITPOINT WARNING * * *
You closely miss YayAnonymity's ghost.
YayAnonymity's ghost is heavily damaged.
YayAnonymity's ghost barely misses you.
You barely miss YayAnonymity's ghost.
YayAnonymity's ghost is heavily damaged.
YayAnonymity's ghost barely misses you.
You closely miss YayAnonymity's ghost.
YayAnonymity's ghost is heavily damaged.
YayAnonymity's ghost hits you.
* * * LOW HITPOINT WARNING * * *
You slash YayAnonymity's ghost!
YayAnonymity's ghost is severely damaged.
YayAnonymity's ghost hits you but does no damage. x2
You hit YayAnonymity's ghost.
YayAnonymity's ghost is severely damaged.
YayAnonymity's ghost closely misses you.
You hit YayAnonymity's ghost.
YayAnonymity's ghost is almost destroyed.
YayAnonymity's ghost barely misses you.
You closely miss YayAnonymity's ghost.
YayAnonymity's ghost is almost destroyed.
YayAnonymity's ghost hits you but does no damage.
YayAnonymity's ghost hits you.
* * * LOW HITPOINT WARNING * * *
You hit YayAnonymity's ghost.
YayAnonymity's ghost is almost destroyed.
YayAnonymity's ghost hits you but does no damage.
You hit YayAnonymity's ghost but do no damage.
YayAnonymity's ghost is almost destroyed.
YayAnonymity's ghost hits you.
You die...

#.##.........##
#.###8.....8##
#.####.....##
#....##8.8## ##
####.###'## ..#
####.#.#..# #.#
...[###..#########.#
.#.## ##.........#.#
.##.###.########@#.#
.###.#.##
######W#.####
.####>.#
#....ZZ.....# ..#
##.# #Z####....#.#
#†# #..# #.#
###..#.# #.# #.##
#.# #..#.# #.# #.#
#.# #..#.# #.# #.#
#)######..#.# #.#
#.# #.##......#.#


You could see YayAnonymity's ghost, a killer bee zombie and a bullfrog skeleton.

Vanquished Creatures
  Sigmund (D:2)
  A water moccasin skeleton (D:3)
  Terence (D:3)
  An orc wizard (D:3)
  A killer bee zombie (D:3)
  4 gnolls (D:2)
  7 adders
  A worm (D:2)
  3 dart slugs
  4 orcs (D:3)
  5 endoplasms
  A giant cockroach (D:2)
  5 goblins
  3 hobgoblins
  9 jackals
  12 kobolds
  5 quokkas
  7 ball pythons
  3 bats
  2 frilled lizards (D:2)
  4 rats
80 creatures vanquished.

Vanquished Creatures (others)
  3 demonic plants (D:1)
  3 fungi (D:1)
  A plant (D:1)
  A withered plant (D:1)
8 creatures vanquished.

Grand Total: 88 creatures vanquished

Notes
Turn   | Place    | Note
-------+----------+-------------------------------------------
     0 | D:1      | gobodom the Gargoyle Gladiator began the quest for the Orb.
     0 | D:1      | Reached XP level 1. HP: 12/12 MP: 1/1
   121 | D:1      | Found Qoicoc's General Store.
   247 | D:1      | Reached XP level 2. HP: 17/17 MP: 2/2
   409 | D:1      | Reached skill level 3 in Axes
   607 | D:1      | Reached XP level 3. HP: 15/21 MP: 3/3
   687 | D:1      | You fall into a shaft and drop 1 floor!
   791 | D:1      | Found a faded altar of an unknown god.
  1358 | D:2      | Reached XP level 4. HP: 27/27 MP: 4/4
  1505 | D:2      | Reached skill level 1 in Armour
  1561 | D:2      | Noticed Sigmund
  1573 | D:2      | Killed Sigmund
  1574 | D:2      | Reached skill level 4 in Axes
  1574 | D:2      | Reached skill level 1 in Stealth
  1574 | D:2      | Reached XP level 5. HP: 16/32 MP: 5/5
  1574 | D:2      | Reached XP level 6. HP: 19/37 MP: 6/6
  2514 | D:3      | Found a shadowy altar of Dithmenos.
  2836 | D:3      | Reached skill level 5 in Axes
  2907 | D:3      | Found a sparkling altar of Nemelex Xobeh.
  2922 | D:3      | Noticed Terence
  2934 | D:3      | Killed Terence
  3111 | D:3      | Found a runed translucent gate.
  3111 | D:3      | Found a runed translucent gate.
  3111 | D:3      | Found a runed translucent gate.
  3117 | D:3      | Noticed YayAnonymity's ghost (amateur TrGl)
  3560 | D:3      | Reached XP level 7. HP: 36/41 MP: 7/7
  3602 | D:3      | Slain by YayAnonymity's ghost

Illustrated notes

Levels and vault maps discovered:
D:1:      matt_arrival_spirals, layout_loops_cross, serial_shops,
          nicolae_shop_trees, shapermc_ecumenical_altar_gd, minmay_pentomino_q2
D:2:      layout_loops_ring, corexii_item_surrounded_by_moat, st_stairs_10,
          uniq_sigmund
D:3:      layout_loops_ring, nemelex_diamond_rough_becter,
          nicolae_dithmenos_shadow_blocks, nicolae_elyvilon_peaceful_grove,
          gammafunk_ghost_necromancy, dk_noncrumbling_4,
          kennysheep_cross_bottleneck, fountainhead, uniq_terence

Skill      XL: |  1  2  3  4  5  6 |
---------------+-------------------+-----
Axes           | 3 4 5 |  5.3
Throwing       | 2 |  2.0
Dodging        | 3 |  3.6
Armour         | 2 |  2.3
Fighting       | 3 |  3.4
Stealth        | 1 |  1.3

Action                   |  1- 3 |  4- 6 |  7- 9 || total
-------------------------+-------+-------+-------++-------
Melee: War axe           |   104 |   192 |    25 ||   321
  Use: Scroll            |       |     9 |       ||     9
       Potion            |       |     2 |       ||     2
 Stab: Distracted        |       |     1 |       ||     1
Armor: Leather armour    |    57 |   110 |    10 ||   177
Dodge: Dodged            |   104 |   138 |    14 ||   256

Table legend: (Time is in decaauts)
 A = Elapsed time spent in this place.
 B = Non-inter-level travel time spent in this place.
 C = Inter-level travel time spent in this place.
 D = Time resting spent in this place.
 E = Time spent auto-exploring this place.
 F = Levels seen in this place.
 G = Mean time per level.
                   A        B        C        D        E       F      G
               +--------+--------+--------+--------+--------+-----+--------+
         Total |   3678 |   3554 |    124 |    271 |   2372 |   3 | 1226.0 |
       Dungeon |   3678 |   3554 |    124 |    271 |   2372 |   3 | 1226.0 |
               +--------+--------+--------+--------+--------+-----+--------+

Top non-repeatable levels by time:
     D:2: 1355 daAuts
     D:3: 1318 daAuts
     D:1: 1004 daAuts
